 Dungeon Crawl Stone Soup version 0.26-a0-639-g72c4674329 (webtiles) character file.

Game seed: 3692028613955019390

40901 Lanoc the Fighter (level 13, -7/141 HPs)
             Began as a Troll Delver on Sept 22, 2020.
             Was a High Priest of Dithmenos.
             Mangled by a red ugly thing (20 damage)
             ... on level 14 of the Dungeon.
             The game lasted 00:23:56 (11556 turns).

Lanoc the Fighter (Troll Delver)                   Turns: 11556, Time: 00:23:57

Health: -7/141     AC: 13    Str: 23    XL:     13   Next: 77%
Magic:  12/12      EV: 19    Int:  8    God:    Dithmenos [*****.]
Gold:   746        SH:  0    Dex: 17    Spells: 12/12 levels left

rFire    . . .     SeeInvis .   a - +8 rapier of Law {vorpal, Int+2 Stlth+}
rCold    + . .     Faith    .   (no shield)
rNeg     . . .     Spirit   .   t - +0 steam dragon scales
rPois    .         Reflect  .   (helmet restricted)
rElec    .         Harm     .   (no cloak)
rCorr    .         Rampage  .   (gloves unavailable)
MR       .....     Clarity  +   (boots unavailable)
Stlth    +++++++++.             (no amulet)
HPRegen  0.73/turn              m - +4 ring of protection
MPRegen  0.13/turn              r - ring of protection from cold

@: wreathed by umbra
A: large, unfitting armour, claws 3, thin skeletal structure 1, blurry vision 1,
clarity, regeneration 1, shaggy fur 1, tough skin 3, subdued magic 1
a: Shadow Step, Shadow Form, Renounce Religion


You were on level 14 of the Dungeon.
You worshipped Dithmenos.
Dithmenos was extremely pleased with you.
You visited 2 branches of the dungeon, and saw 13 of its levels.
You also visited: Bailey and Ice Cave.

You collected 746 gold pieces.

Inventory:

Hand Weapons
 a - the +8 rapier of Law (weapon) {vorpal, Int+2 Stlth+}
   (You found it on level 6 of the Dungeon)

   It inflicts extra damage upon your enemies.
   It affects your intelligence (+2).
   It makes you more stealthy.
Missiles
 k - 4 atropa-tipped darts (quivered)
 A - 13 curare-tipped darts
Armour
 t - +0 steam dragon scales (worn)
Jewellery
 l - a +4 ring of slaying
 m - a +4 ring of protection (left claw)
 r - a ring of protection from cold (right claw)
Wands
 f - a wand of digging (3)
 y - a wand of enslavement (1)
 C - a wand of flame (17)
 D - a wand of iceblast (34)
 E - a wand of acid (4)
Scrolls
 b - a scroll of fog
 d - a scroll of fear
 g - 4 scrolls of identify
 n - 6 scrolls of teleportation
 o - a scroll of silence {unknown}
 p - 8 scrolls of remove curse
 u - a scroll of enchant armour
 F - 3 scrolls of enchant weapon
Potions
 c - 5 potions of magic
 e - a potion of haste
 h - 3 potions of flight
 i - 10 potions of curing
 j - 2 potions of stabbing
 v - 5 potions of mutation
 w - a potion of berserk rage
 B - 2 potions of resistance
 G - 2 potions of lignification
 H - a potion of invisibility


   Skills:
 + Level 12.7 Fighting
 + Level 3.2 Short Blades
 + Level 12.6 Dodging
 + Level 5.4 Stealth
 - Level 2.0 Unarmed Combat


You had 12 spell levels left.
You didn't know any spells.
Your spell library contained the following spells:

 Spells                   Type           Power        Failure   Level
 Beastly Appendage        Tmut           #.....       36%         1
 Corona                   Hex            #......      36%         1
 Magic Dart               Conj           #...         36%         1
 Sandblast                Erth           #.....       36%         1
 Blink                    Tloc           N/A          50%         2
 Call Imp                 Summ           #.......     50%         2
 Passwall                 Tmut/Erth      #.......     50%         2
 Slow                     Hex            #.......     50%         2
 Wereblood                Tmut           #.......     50%         2
 Conjure Flame            Conj/Fire      #.......     75%         3
 Inner Flame              Hex/Fire       #.......     75%         3
 Mephitic Cloud           Conj/Pois/Air  #.......     75%         3
 Portal Projectile        Hex/Tloc       #.....       75%         3
 Spider Form              Tmut/Pois      #.........   75%         3
 Stone Arrow              Conj/Erth      #.....       75%         3
 Cause Fear               Hex            #.........   99%         4
 Ice Form                 Ice/Tmut       #.......     99%         4
 Leda's Liquefaction      Hex/Erth       #.........   99%         4
 Petrify                  Tmut/Erth      #.......     99%         4
 Blade Hands              Tmut           #.........   100%        5
 Lee's Rapid Deconstruct  Erth           #.........   100%        5


Dungeon Overview and Level Annotations

Branches:
Dungeon (14/15)            Temple (1/1) D:4            Lair (0/6) D:8
    Orc (0/2) D:9          Vaults (0/5) D:13         Bailey (visited)
  IceCv (visited)

Altars:
Ashenzari
Cheibriados
Dithmenos
Elyvilon
Fedhas
Gozag
Hepliaklqana
Kikubaaqudgha
Makhleb
Nemelex Xobeh
Okawaru
Qazlal
Ru
Sif Muna
Trog
Uskayaw
Vehumet
Wu Jian
Xom
Yredelemnul
Zin
The Shining One

Annotations:
D:6 1 runed translucent door, PrinceRibbit's ghost, novice TrWz


Innate Abilities, Weirdness & Mutations

You are too large for most types of armour.
You have claws for hands.
Your natural rate of healing is unusually fast.
You are covered in fur. (AC +1)
You have extremely tough skin. (AC +3)
You have a somewhat thin skeletal structure. (Dex +2, Stealth)
Scrolls take you a little longer to read.
You possess an exceptional clarity of mind.
Your spells are a little easier to cast, but a little less powerful.


Message History

The red ugly thing closely misses you.
There is a stone staircase leading down here.
Throwing (i - inventory. (/) - cycle)
k - 5 atropa-tipped darts (quivered)
Press: ? - help, Shift-Dir - straight line, f - red ugly thing
Aim: a red ugly thing (severely wounded, umbra, chance to blind on hit: 3%)
You throw an atropa-tipped dart.
The atropa-tipped dart hits the red ugly thing.
The red ugly thing resists.
The red ugly thing is severely wounded.
The purple ugly thing basks in the mutagenic energy from its kin and changes!
The red ugly thing headbutts you.
* * * LOW HITPOINT WARNING * * *
You are engulfed in flames!
* * * LOW HITPOINT WARNING * * *
The purple ugly thing basks in the mutagenic energy from its kin and changes!
Okay, then.
You open the door. The red ugly thing headbutts you!
* * * LOW HITPOINT WARNING * * *
You are engulfed in flames!!
You die...

...........###..........#
...........#.'..........#
.......)...#.#........<.#
...........'.#.....[....#
...........###.)........#
...........# #..........+
...........# #..........#
########'### ##'#########
###......# #.@u>.## #...######
#####..#### #.####### ##.uu.#
........###############.##### ##
.............#.............u####.
........####.................uu#.
........# ###..............##...
........# #..............####<
........# #.....(.>......# ##


You could see 3 ugly things.

Vanquished Creatures
  Harold (D:11)
  A yaktaur captain (D:13)
  A hydra (D:13)
  A centaur warrior (D:13)
  A two-headed ogre (D:11)
  Sonja (D:10)
  An unseen horror (D:14)
  A wolf spider zombie (D:13)
  A cyclops (D:12)
  A manticore (D:12)
  A deep elf mage (D:12)
  6 ugly things
  5 slime creatures (D:12)
  A gargoyle (D:13)
  Psyche (D:8)
  2 centaur skeletons
  2 ice statues (IceCv)
  2 kobold demonologists
  Maggie (D:7)
  2 yaktaurs (D:13)
  2 ice devils (D:13)
  4 trolls
  2 tengu conjurers (D:12)
  2 hornets
  2 hippogriffs
  A shadow (D:12)
  A wraith (D:13)
  2 wyverns
  17 yaks
  A soldier ant (D:13)
  Duvessa (D:5)
  3 orc warriors
  6 ice beasts
  4 black bears
  2 ogres
  3 sky beasts
  3 necrophages
  2 phantoms
  2 eyes of draining
  5 centaurs
  8 big kobolds (D:8)
  11 bullfrogs
  A gnoll sergeant (D:5)
  Dowan (D:5)
  A water moccasin skeleton (D:5)
  A scorpion (D:5)
  11 killer bees
  15 wights
  3 howler monkeys
  3 bullfrog zombies
  7 orc priests
  8 hounds
  3 jellies
  A bullfrog skeleton (D:6)
  8 orc wizards
  3 iguanas
  7 worker ants
  A hound zombie (D:9)
  A hound skeleton (D:4)
  3 worker ant zombies
  16 gnolls
  14 adders
  3 shadow imps
  2 white imps
  2 ufetubi
  An ooze (D:3)
  An adder zombie (D:5)
  An adder skeleton (D:7)
  2 worms
  5 leopard geckos
  33 orcs
  2 giant cockroaches
  15 hobgoblins
  10 jackals
  8 quokkas
  3 bats (D:3)
  2 frilled lizards
  29 kobolds
  24 rats
368 creatures vanquished.

Vanquished Creatures (collateral kills)
  A centaur skeleton (D:13)
  A bullfrog (D:13)
2 creatures vanquished.

Vanquished Creatures (others)
  2 ice beasts (IceCv)
2 creatures vanquished.

Grand Total: 372 creatures vanquished

Notes
Turn   | Place    | Note
-------+----------+-------------------------------------------
     0 | D:5      | Lanoc the Troll Delver began the quest for the Orb.
     0 | D:5      | Reached XP level 1. HP: 22/22 MP: 0/0
    11 | D:5      | Noticed an orc priest
    15 | D:5      | Killed an orc priest
    15 | D:5      | Reached XP level 2. HP: 22/31 MP: 1/1
    15 | D:5      | Reached XP level 3. HP: 26/37 MP: 2/2
    34 | D:5      | Reached XP level 4. HP: 20/45 MP: 3/3
   106 | D:5      | You fall into a shaft and drop 1 floor!
   107 | D:6      | Noticed a black bear
   117 | D:6      | Killed a black bear
   117 | D:6      | Reached XP level 5. HP: 20/54 MP: 4/4
   178 | D:6      | Noticed a necrophage
   206 | D:6      | Killed a necrophage
   206 | D:6      | Reached XP level 6. HP: 27/61 MP: 5/5
   318 | D:6      | Got a brightly glowing rapier
   318 | D:6      | Identified the +8 rapier of Law {vorpal, Int+2 Stlth+} (You
                  | found it on level 6 of the Dungeon)
   348 | D:6      | Found a hazy altar of Hepliaklqana.
   369 | D:6      | Reached skill level 5 in Fighting
   369 | D:6      | Reached XP level 7. HP: 30/70 MP: 6/6
   572 | D:6      | Reached skill level 5 in Dodging
   676 | D:6      | Found a runed translucent door.
   678 | D:6      | Noticed PrinceRibbit's ghost (novice TrWz)
   970 | D:4      | Reached XP level 8. HP: 72/81 MP: 7/7
  1773 | D:4      | Found a staircase to the Ecumenical Temple.
  1778 | Temple   | Entered the Ecumenical Temple
  1958 | Temple   | Became a worshipper of Dithmenos the Shadowed
  2358 | D:5      | Reached * piety under Dithmenos
  2485 | D:5      | Noticed Dowan
  2487 | D:5      | Noticed Duvessa
  2502 | D:5      | Killed Duvessa
  2510 | D:5      | Killed Dowan
  3456 | D:7      | Reached XP level 9. HP: 71/91 MP: 8/8
  3659 | D:7      | Found an ornate altar of the Wu Jian Council.
  3664 | D:7      | Noticed Maggie
  3676 | D:7      | Killed Maggie
  3710 | D:7      | Reached ** piety under Dithmenos
  3932 | D:7      | Noticed a moth of wrath
  3935 | D:7      | Found a bloodstained altar of Trog.
  4076 | D:7      | Found a sparkling altar of Nemelex Xobeh.
  4201 | D:8      | Found a flagged portal.
  4210 | Bailey   | Entered a bailey
  4296 | Bailey   | Reached *** piety under Dithmenos
  4700 | D:8      | Found a staircase to the Lair.
  4740 | D:8      | Noticed Psyche
  4755 | D:8      | Killed Psyche
  4755 | D:8      | Reached XP level 10. HP: 104/105 MP: 9/9
  4776 | D:8      | Reached **** piety under Dithmenos
  4973 | D:8      | Found a glowing silver altar of Zin.
  5099 | D:9      | Found a staircase to the Orcish Mines.
  6068 | D:10     | Entered Level 10 of the Dungeon
  6089 | D:10     | Reached skill level 10 in Fighting
  6169 | D:10     | Noticed Sonja
  6181 | D:10     | Killed Sonja
  6181 | D:10     | Reached skill level 10 in Dodging
  6295 | D:10     | Reached XP level 11. HP: 101/117 MP: 10/10
  7290 | D:11     | Noticed a cyan ugly thing
  7302 | D:11     | Killed a cyan ugly thing
  7434 | D:11     | Noticed Harold
  7452 | D:11     | Killed Harold
  7452 | D:11     | Reached ***** piety under Dithmenos
  7734 | D:11     | Noticed a two-headed ogre
  7741 | D:11     | Killed a two-headed ogre
  8662 | D:12     | Noticed a deep elf mage
  8674 | D:12     | Killed a deep elf mage
  8755 | D:12     | Noticed a white ugly thing
  8780 | D:12     | Killed a white ugly thing
  8974 | D:12     | Reached XP level 12. HP: 131/131 MP: 11/11
  9471 | D:12     | Paralysed by a hornet for 2 turns
  9885 | D:13     | Noticed a six-headed hydra
  9893 | D:13     | Killed a six-headed hydra
  9972 | D:13     | Noticed a yaktaur captain
  9999 | D:13     | Killed a yaktaur captain
 10105 | D:13     | Found a gate to the Vaults.
 10174 | D:13     | Found a frozen archway.
 10205 | IceCv    | Entered an ice cave
 10224 | IceCv    | Found a transporter.
 10252 | IceCv    | Gained mutation: Scrolls take you a little longer to read.
                  | [potion of mutation]
 10252 | IceCv    | Gained mutation: You have a somewhat thin skeletal
                  | structure. (Dex +2, Stealth) [potion of mutation]
 10252 | IceCv    | Gained mutation: Your spells are a little easier to cast,
                  | but a little less powerful. [potion of mutation]
 10252 | IceCv    | Gained mutation: You possess an exceptional clarity of
                  | mind. [potion of mutation]
 10304 | IceCv    | Found a transporter.
 10636 | IceCv    | Reached skill level 5 in Stealth
 10636 | IceCv    | Reached XP level 13. HP: 141/141 MP: 12/12
 11387 | D:14     | Found the +3 salamander hide armour {Flames rF++ rC--}
 11556 | D:14     | Mangled by a red ugly thing

Illustrated notes

Levels and vault maps discovered:
D:3:      layout_rooms
D:4:      layout_basic, temple_doors_e, minmay_rat_hole
D:5:      layout_basic, uniq_duvessa
D:6:      layout_basic, nicolae_overflow_crystal_walls,
          ebering_ghost_reflecting_pool, minmay_liquid_box
D:7:      layout_rooms, overflow_temple_1_default, marbit_many_paths, tgw_trog,
          uniq_maggie
D:8:      layout_rooms, kennysheep_mini, dpeg_oklobed_lair, special_room
          [special_room_kobold], enter_bailey_2, uniq_psyche
D:9:      layout_layer_cave, orc_0_dummy
D:10:     layout_cave_pods, uniq_sonja
D:11:     layout_roguey, chequers_serial_rivers_micro_b, hex_large, uniq_harold
D:12:     layout_stronghold
D:13:     layout_loops_ring, david_vaults_2, portal_ice_cave_demonic_guard
D:14:     layout_roguey, nrook_mini_backslash
Temple:   regret_index_temple_mists

Skill      XL: |  1  2  3  4  5  6  7  8  9 10 11 12 13 |
---------------+----------------------------------------+-----
Fighting       | 3 4 5 6 7 9 10 11 12 | 12.7
Dodging        | 2 3 4 5 7 8 10 11 12 | 12.6
Stealth        | 3 5 |  5.4
Short Blades   | 2 3 |  3.2
Unarmed Combat | |  2.0

Action                   |  1- 3 |  4- 6 |  7- 9 | 10-12 | 13-15 || total
-------------------------+-------+-------+-------+-------+-------++-------
Melee: Unarmed           |    17 |    39 |       |       |       ||    56
       Rapier            |       |    18 |   482 |   624 |   119 ||  1243
       Punch             |       |     1 |     4 |    10 |     4 ||    19
Throw: Dart              |       |       |       |     8 |     1 ||     9
Evoke: Wand              |       |       |       |    12 |       ||    12
  Use: Scroll            |       |       |    11 |    11 |     1 ||    23
       Potion            |       |       |       |    10 |       ||    10
 Stab: Sleeping          |       |       |    18 |    30 |     9 ||    57
       Invisible         |       |       |     2 |       |       ||     2
       Distracted        |       |       |     1 |     3 |       ||     4
Armor: Robe              |     4 |    16 |   132 |       |       ||   152
       Steam dragon scal |       |       |   119 |   267 |    47 ||   433
Dodge: Dodged            |     4 |    28 |   649 |   751 |   132 ||  1564

Table legend: (Time is in decaauts)
 A = Elapsed time spent in this place.
 B = Non-inter-level travel time spent in this place.
 C = Inter-level travel time spent in this place.
 D = Time resting spent in this place.
 E = Time spent auto-exploring this place.
 F = Levels seen in this place.
 G = Mean time per level.
                   A        B        C        D        E       F      G
               +--------+--------+--------+--------+--------+-----+--------+
         Total |  11856 |  11509 |    347 |    861 |   7242 |  15 |  790.4 |
       Dungeon |  10441 |  10104 |    337 |    324 |   6836 |  12 |  870.1 |
        Temple |    253 |    243 |     10 |      0 |    205 |   1 |  253.0 |
        Bailey |    337 |    337 |      0 |      0 |    201 |   1 |  337.0 |
      Ice Cave |    824 |    824 |      0 |    537 |      0 |   1 |  824.0 |
               +--------+--------+--------+--------+--------+-----+--------+

Top non-repeatable levels by time:
    D:12: 1513 daAuts
     D:6: 1201 daAuts
    D:11: 1119 daAuts
    D:10: 1113 daAuts
     D:9: 991 daAuts
     D:7: 887 daAuts
    D:13: 852 daAuts
   IceCv: 824 daAuts
     D:5: 717 daAuts
     D:4: 692 daAuts
     D:8: 679 daAuts
     D:3: 503 daAuts
  Bailey: 337 daAuts
  Temple: 253 daAuts
    D:14: 171 daAuts
